 Dungeon Crawl Stone Soup version 0.31-a0-851-g7ff8af7976 (webtiles) character file.

Game seed: 121750764293788097

1061 Errthou the Cleaver (level 8, 0/67 HPs)
             Began as a Hill Orc Monk on Sept 9, 2023.
             Was a Believer of Beogh.
             Succumbed to an adder's poison
             ... on level 5 of the Dungeon on Oct 5, 2023.
             The game lasted 00:24:28 (5885 turns).

Errthou the Cleaver (Hill Orc Monk)                 Turns: 5885, Time: 00:24:29

Health: 0/67       AC: -8    Str: 16    XL:     8   Next: 27%
Magic:  8/8        EV: 10    Int: 10    God:    Beogh [**....]
Gold:   322        SH:  0    Dex: 13    Spells: 7/7 levels left

rFire   x . .        a - +0 hand axe
rCold   + . .        d - orb {light}
rNeg    . . .        k - +0 scale mail
rPois   .            m - +0 helmet
rElec   .            (no cloak)
rCorr   .            o - +0 pair of gloves
SInv    .            (no boots)
Will    .....        (no amulet) Stlth
                     b - ring of ice
HPRegen 0.31/turn    (no ring)
MPRegen 0.11/turn

%: no passive effects
@: lethally poisoned (0 -> -1), corroded, glowing
A: no striking features
a: Renounce Religion, Smiting


You were on level 5 of the Dungeon.
You worshipped Beogh.
Beogh was pleased with you.
You visited 1 branch of the dungeon, and saw 6 of its levels.

You collected 346 gold pieces.
You spent 24 gold pieces at shops.

Inventory:

Hand Weapons
 a - a +0 hand axe (weapon)
Missiles
 s - 7 javelins (quivered)
Armour
 d - an orb of light (worn)
 k - a +0 scale mail (worn)
 m - a +0 helmet (worn)
 o - a +0 pair of gloves (worn)
Jewellery
 b - a ring of ice (left hand)
Talismans
 t - a beast talisman
Wands
 q - a wand of paralysis (2)
Scrolls
 f - a scroll of teleportation {unknown}
 g - a scroll of noise {unknown}
 j - a scroll of amnesia {unknown}
 n - a scroll of poison {unknown}
 p - a scroll of fog {unknown}
 u - a scroll of acquirement {unknown}
Potions
 c - a potion of ambrosia
 h - a potion of brilliance
 l - a potion of attraction
 r - 2 potions of degeneration


   Skills:
 - Level 4.8 Fighting
 * Level 11.9 Axes
 - Level 3.2 Dodging


You had 7 spell levels left.
You didn't know any spells.
Your spell library contained the following spells:

 Spells                   Type           Power      Damage    Failure   Level
 Magic Dart               Conj           0%         1d3       82%         1
 Cigotuvi's Dreadful Rot  Necr/Pois/Air  0%         N/A       91%         2
 Ensorcelled Hibernation  Hex/Ice        0%         N/A       91%         2
 Jinxbite                 Hex            0%         N/A       91%         2
 Searing Ray              Conj           0%         2d4       91%         2
 Anguish                  Hex/Necr       0%         N/A       100%        4
 Dispel Undead            Necr           0%         3d6       100%        4
 Fulminant Prism          Conj/Hex       0%         3d5       100%        4
 Death Channel            Necr           0%         N/A       100%        6


Dungeon Overview and Level Annotations

Branches:
Dungeon (6/15)
 Temple: D:4-7

Altars:
Trog
Yredelemnul

Shops:
D:4 *(=[


Message History

The shadow imp shouts!
The jelly jiggles.
The jelly misses you. The jelly attacks as it pursues you!
The jelly closely misses you. The jelly attacks as it pursues you!
The jelly hits you.
You are splashed with acid!
The jelly attacks as it pursues you! The jelly hits you. The acid corrodes you!
You are splashed with acid.
* * * LOW HITPOINT WARNING * * *
The jelly attacks as it pursues you! The jelly hits you.
* * * LOW HITPOINT WARNING * * *
You are splashed with acid.
* * * LOW HITPOINT WARNING * * *
The jelly attacks as it pursues you! The jelly hits you.
* * * LOW HITPOINT WARNING * * *
The acid corrodes you!
You are splashed with acid!
* * * LOW HITPOINT WARNING * * *
The jelly attacks as it pursues you! The jelly misses you.
You feel better. The jelly closely misses you.
The adder attacks as it pursues you! The adder bites you.
* * * LOW HITPOINT WARNING * * *
You are poisoned.
The adder poisons you!
You feel sick. The adder attacks as it pursues you! The adder bites you.
* * * LOW HITPOINT WARNING * * *
The adder bites you.
* * * LOW HITPOINT WARNING * * *
You are more poisoned.
The adder poisons you!
You feel sick.
You feel sick.
You feel sick.
You feel sick. The adder barely misses you.
You feel sick. The adder attacks as it pursues you! The adder bites you.
* * * LOW HITPOINT WARNING * * *
* * * LOW HITPOINT WARNING * * *
You feel sick.
* * * LOW HITPOINT WARNING * * *
You feel sick.
You die...

..#.#.#..O#.........
#...#.##............
...#.. ##.#5##....##
##...# #.#.##.....#######
. #.## #.#O##.....#.....#
#### # .#
#.#.##.....#.###.### #...
##.#.# #....#.#.....###.##
##...O########.###.#.....#
.##......JS.@....#
#.#.###.#
..........#########
#.#.....# ###......##
#.#.#...## .........#
#.#.#....# #......#.#
..#.#..... .......#.#
..#.#....# ####..##.#
##.##.... #.. #.#
#...#.### #.# #.#. #.).###


You could see an ogre, a jelly and an adder.

Vanquished Creatures
  Edmund (D:4)
  An ice beast (D:5)
  2 phantoms (D:4)
  A bullfrog (D:5)
  A scorpion (D:4)
  A howler monkey (D:5)
  3 hounds (D:5)
  An orc priest (D:5)
  A jelly (D:5)
  Ijyb (D:4)
  4 iguanas
  3 orc wizards (D:5)
  A gnoll (D:1)
  5 adders
  A white imp (D:5)
  2 ufetubi (D:5)
  A worm (D:5)
  3 dart slugs
  4 orcs
  8 ball pythons
  11 endoplasms
  8 giant cockroaches
  15 goblins
  7 hobgoblins
  4 jackals (D:1)
  4 quokkas
  6 bats
  4 frilled lizards
  9 kobolds
  6 rats
119 creatures vanquished.

Vanquished Creatures (others)
  An adder (D:4)
1 creature vanquished.

Grand Total: 120 creatures vanquished

Notes
Turn   | Place    | Note
-------+----------+-------------------------------------------
     0 | D:1      | Errthou the Hill Orc Monk began the quest for the Orb.
     0 | D:1      | Reached XP level 1. HP: 19/19 MP: 1/1
   112 | D:1      | Reached XP level 2. HP: 13/27 MP: 2/2
   360 | D:1      | Reached XP level 3. HP: 26/33 MP: 3/3
  1029 | D:2      | Reached XP level 4. HP: 31/41 MP: 4/4
  1118 | D:2      | Reached skill level 5 in Axes
  2085 | D:3      | Upgraded the game from 0.31-a0-704-g1016066182 to
                  | 0.31-a0-731-ga75f04deac
  2217 | D:3      | Reached XP level 5. HP: 47/47 MP: 5/5
  2229 | D:3      | Found a bloodstained altar of Trog.
  2239 | D:3      | Found a basalt altar of Yredelemnul.
  2312 | D:3      | Upgraded the game from 0.31-a0-731-ga75f04deac to
                  | 0.31-a0-846-gb3bcc0d938
  2341 | D:3      | Identified the +1 sling of Intuition {heavy, rF+ Int+3}
  2525 | D:3      | Identified the +0 leather armour of the Cooper {rPois
                  | Str+3}
  2841 | D:4      | Noticed Ijyb
  2871 | D:4      | Paralysed by Ijyb for 3 turns
  2877 | D:4      | Paralysed by Ijyb for 3 turns
  2889 | D:4      | Paralysed by Ijyb for 5 turns
  2898 | D:4      | Paralysed by Ijyb for 2 turns
  2902 | D:4      | Killed Ijyb
  2903 | D:4      | Reached skill level 6 in Axes
  3177 | D:4      | Found Qegrit's Armour Boutique.
  3180 | D:4      | Upgraded the game from 0.31-a0-846-gb3bcc0d938 to
                  | 0.31-a0-851-g7ff8af7976
  3250 | D:4      | Found Yfofuaxt's Jewellery Emporium.
  3413 | D:4      | Found Syni's Weapon Shop.
  3413 | D:4      | Noticed Edmund
  3452 | D:4      | Killed Edmund
  3453 | D:4      | Reached skill level 7 in Axes
  3453 | D:4      | Reached XP level 6. HP: 3/55 MP: 6/6
  3666 | D:4      | Reached skill level 8 in Axes
  3724 | D:4      | Reached XP level 7. HP: 24/60 MP: 7/7
  3727 | D:4      | Reached skill level 9 in Axes
  4044 | D:4      | Found Keshragi's General Store.
  4052 | D:4      | Bought a scroll of identify for 24 gold pieces
  4440 | D:4      | Became a worshipper of Beogh the Brigand
  4440 | D:4      | Reached * piety under Beogh
  4440 | D:4      | Reached ** piety under Beogh
  4889 | D:5      | Entered Level 5 of the Dungeon
  4940 | D:5      | Reached skill level 10 in Axes
  5205 | D:5      | Reached skill level 11 in Axes
  5205 | D:5      | Reached XP level 8. HP: 42/67 MP: 8/8
  5869 | D:5      | HP: 3/67 [acid (8)]
  5882 | D:5      | HP: 2/67 [adder (3)]
  5885 | D:5      | Succumbed to an adder's poison

Illustrated notes

Levels and vault maps discovered:
D:1:      matt_arrival_refuge, layout_basic
D:2:      layout_rooms, minmay_puff
D:3:      layout_loops_ring, amethyst_overflow_temple_binary
D:4:      minmay_inner_zag, layout_layer_cave, serial_shops, shop, shop,
          kennysheep_mini, nicolae_shop_hallway_plus, uniq_edmund, uniq_ijyb
D:5:      minmay_general_purpose_star, layout_loops_ring,
          minmay_temple_entry_glassed_door, serial_co_window_serial,
          co_window_paths_b, co_window_corner_a, co_window_corner_a,
          co_window_corner_a, co_window_paths_b, co_window_corner_a,
          co_window_of_opportunity_a, co_window_of_opportunity_c,
          co_window_corner_ca, co_window_of_opportunity_b,
          co_window_of_opportunity_c, co_window_of_opportunity_c,
          glass_columns_a, glass_columns_a, glass_columns_a, st_stairs_11,
          kb_lookout_dungeons_type
D:6:      lemuel_insect_pit, layout_basic, uniq_jeremiah

Skill      XL: |  1  2  3  4  5  6  7 |
---------------+----------------------+-----
Fighting       | 4 |  4.8
Dodging        | 3 |  3.2
Axes           | 5 7 8 11 | 11.9

Action                     |  1- 3 |  4- 6 |  7- 9 || total
---------------------------+-------+-------+-------++-------
  Melee: Hand axe          |   104 |   177 |   156 ||   437
  Throw: Javelin           |       |       |     1 ||     1
 Invoke: Convert to Beogh  |       |       |     1 ||     1
  Evoke: Wand              |       |     2 |       ||     2
    Use: Potion            |       |     2 |     1 ||     3
         Scroll            |       |       |     6 ||     6
 Armour: Robe              |    58 |    43 |       ||   101
         Ring mail         |       |    16 |       ||    16
         Scale mail        |       |    15 |   100 ||   115
  Dodge: Dodged            |    79 |    97 |    75 ||   251

Table legend: (Time is in decaauts)
 A = Elapsed time spent in this place.
 B = Non-inter-level travel time spent in this place.
 C = Inter-level travel time spent in this place.
 D = Time resting spent in this place.
 E = Time spent auto-exploring this place.
 F = Levels seen in this place.
 G = Mean time per level.
                   A        B        C        D        E       F      G
               +--------+--------+--------+--------+--------+-----+--------+
         Total |   5860 |   5789 |     71 |   1528 |   2976 |   6 |  976.7 |
       Dungeon |   5860 |   5789 |     71 |   1528 |   2976 |   6 |  976.7 |
               +--------+--------+--------+--------+--------+-----+--------+

Top non-repeatable levels by time:
     D:4: 1961 daAuts
     D:2: 1122 daAuts
     D:1: 972 daAuts
     D:5: 964 daAuts
     D:3: 837 daAuts
     D:6: 1 daAuts
